Map: Ascension to Aiur LE

Players

Marshmallow

  • Race: Terran Terran
  • League: Master
  • Spawn Location: 11:00

llIllllIllll - Winner!

  • Race: Protoss Protoss
  • League: Master
  • Spawn Location: 5:00

VOD

Have the link to the VOD?

Description

Time

  • Played on: Dec. 30, 2017, 3:06 a.m.
  • Length: 11:31
Show
View Real Time Build Order
Export as new Build Order

Marshmallow Terran 

Build Orders:  

Get SALT Encoding   

  12  0:01  SCV  
  13  0:13  SCV  
  14  0:18  Supply Depot  
  14  0:26  SCV  
  15  0:40  SCV  
  16  0:43  Barracks  
  16  0:47  Refinery  
  16  0:54  SCV  
  17  1:06  SCV  
  18  1:18  SCV  
  19  1:31  Orbital Command  
  19  1:35  Barracks Tech Lab  
  19  1:54  Marauder  
  19  1:57  SCV  
  20  2:09  Supply Depot  
  20  2:29  Supply Depot  
  19  2:31  Marauder  
  19  2:32  Barracks  
  19  2:33  Barracks  
  21  2:43  SCV  
  18  2:55  SCV  
  18  2:56  Marauder  
  19  3:07  SCV  
  20  3:13  Supply Depot  
  20  3:22  SCV  
  20  3:23  Marine x2, Marauder  
  25  3:37  SCV  
  26  3:44  Marine  
  27  3:49  SCV  
  27  3:54  Marine  
  27  3:55  Marine  
  30  4:02  Marine, SCV  
  32  4:05  Refinery  
  32  4:07  Supply Depot  
  32  4:14  SCV  
  32  4:24  Factory  
  32  4:27  SCV  
  33  4:42  Command Center  
  33  4:50  Stimpack  
  33  4:55  Engineering Bay  
  34  5:00  SCV  
  34  5:08  Factory Tech Lab  
  34  5:12  SCV, Starport  
  35  5:23  Missile Turret  
  35  5:24  SCV  
  36  5:29  Missile Turret  
  36  5:38  Siege Tank  
  36  5:41  Barracks Reactor  
  39  5:47  Barracks Reactor  
  39  5:52  SCV  
  39  5:56  Orbital Command  
  40  6:05  Medivac  
  42  6:17  Marine  
  42  6:18  Marine x2  
  45  6:30  Siege Tank  
  41  6:35  Marine  
  41  6:37  Marine x2  
  42  6:43  Marine  
  42  6:45  SCV  
  42  6:47  Marine  
  42  6:53  Marine  
  40  6:54  SCV  
  40  6:55  Marine  
  40  6:57  Medivac  
  40  7:10  Marine  
  40  7:11  Reaper  
  40  7:13  Marine  
  43  7:19  Marine, Terran Infantry Weapons Level 1  
  44  7:24  SCV  
  44  7:37  Marine  
  44  7:38  Marine x2  
  44  7:39  Marine  
  46  7:45  Marine  
  46  7:48  Missile Turret  
  45  7:55  Marine x2  
  45  7:56  Marine  
  45  7:57  Marine  
  48  8:03  Marine  
  40  8:06  Siege Tank  
  38  8:13  Marine x2, Orbital Command  
  38  8:14  Marine  
  38  8:15  Marine  
  36  8:32  Viking  
  26  8:43  Marine  
  25  8:49  Marine  
  25  8:53  Marine  
  27  8:59  Marine x2  
  29  9:04  Marine  
  30  9:15  Marine x2, Terran Infantry Armor Level 1  
  30  9:16  Marine  
  33  9:23  Marine x2  
  35  9:25  SCV  
  35  9:28  SCV  
  37  9:33  Marine x2  
  39  9:41  Marine  
  39  9:44  Marine x2  
  42  9:46  SCV  
  45  9:52  Siege Tank  
  45  9:53  Marine x2  
  46  10:00  Orbital Command  
  46  10:02  Marine  
  46  10:03  Marine  
  46  10:04  Marine  
  46  10:20  Marine  
  47  10:24  SCV, Siege Tank  
  33  10:51  Marine  
  33  10:52  Marine  
Show
View Real Time Build Order
Export as new Build Order

llIllllIllll Protoss - Winner!

Build Orders:  

Get SALT Encoding   

  12  0:00  Probe (Chrono Boost)  
  13  0:11  Probe (Chrono Boost)  
  14  0:16  Probe (Chrono Boost)  
  15  0:23  Pylon  
  15  0:41  Probe  
  16  0:46  Forge  
  16  0:53  Probe  
  17  1:10  Pylon  
  17  1:11  Probe  
  18  1:23  Probe  
  19  1:31  Photon Cannon  
  19  1:32  Photon Cannon  
  19  1:33  Gateway  
  19  1:36  Pylon  
  18  1:50  Probe  
  18  1:52  Assimilator  
  19  1:55  Assimilator  
  19  1:59  Pylon  
  19  2:18  Photon Cannon  
  19  2:19  Photon Cannon  
  19  2:22  Photon Cannon  
  19  2:27  Photon Cannon  
  19  2:32  Photon Cannon  
  19  2:34  Photon Cannon  
  19  2:39  Photon Cannon  
  19  2:45  Photon Cannon  
  19  2:54  Photon Cannon  
  19  2:58  Photon Cannon  
  19  3:07  Photon Cannon  
  19  3:10  Photon Cannon  
  18  3:25  Photon Cannon  
  18  3:26  Zealot  
  20  3:31  Photon Cannon  
  20  3:42  Pylon  
  20  3:48  Photon Cannon  
  20  4:02  Cybernetics Core  
  20  4:04  Probe (Chrono Boost)  
  21  4:14  Probe (Chrono Boost)  
  22  4:20  Probe (Chrono Boost)  
  22  4:21  Pylon  
  23  4:27  Probe (Chrono Boost)  
  25  4:39  Probe (Chrono Boost)  
  25  4:40  Shield Battery  
  25  4:42  Robotics Facility  
  25  4:45  Shield Battery  
  25  4:49  Stargate  
  25  5:21  Shield Battery  
  25  5:27  Immortal (Chrono Boost)  
  25  5:33  Void Ray  
  33  5:41  Shield Battery  
  33  5:45  Shield Battery  
  33  5:57  Immortal (Chrono Boost)  
  33  5:58  Pylon  
  37  6:16  Pylon  
  35  6:39  Immortal  
  39  7:03  Shield Battery  
  39  7:07  Shield Battery  
  39  7:18  Void Ray  
  35  8:14  Immortal  
  39  8:29  Shield Battery  
  39  8:32  Void Ray  
  43  8:39  Pylon  
  43  9:02  Fleet Beacon  
  43  9:12  Nexus  
  43  9:16  Observer  
  44  9:52  Pylon  
  44  10:13  Tempest (Chrono Boost)  
  41  10:21  Pylon  
  41  10:25  Immortal  
  45  10:30  Robotics Bay  
Tags
 
Add a new tag
Caveats
  • Supply blocks, unpowered buildings, or Contaminate may cause inaccurate times.
  • Supply counts are checked every 10 seconds.